 Dungeon Crawl Stone Soup version 0.30-a0-311-gf115ab0292 (webtiles) character file.

Game seed: 1692379161786361990

340 Harunobu the Trooper (level 6, 0/40 HPs)
             Began as a Gargoyle Monk on Oct 25, 2022.
             Slain by an orc priest
             ... wielding a +0 hand axe
              (5 damage)
             ... on level 5 of the Dungeon.
             The game lasted 00:06:03 (3048 turns).

Harunobu the Trooper (Gargoyle Monk)                Turns: 3048, Time: 00:06:04

Health: 0/40       AC: 11    Str: 16    XL:     6   Next: 56%
Magic:  6/6        EV: 11    Int: 11    God:
Gold:   248        SH:  0    Dex: 12    Spells: 5/5 levels left

rFire   . . .      SeeInvis .    j - +0 trident (venom)
rCold   . . .      Faith    .    (no shield)
rNeg    + . .      Spirit   .    k - +0 ring mail
rPois   ∞          Reflect  .    (no helmet)
rElec   +          Harm     .    p - +0 cloak
rCorr   .          Rampage  .    d - +0 pair of gloves
Will    .....                    (no boots)
Stlth   ++........               (no amulet)
HPRegen 0.26/turn                (no ring)
MPRegen 0.10/turn                (no ring)

@: no status effects
A: sickness immunity, AC +4, negative energy resistance 1, electricity
resistance, torment resistance 1, petrification resistance
a: no special abilities


You were on level 5 of the Dungeon.
You visited 1 branch of the dungeon, and saw 5 of its levels.

You collected 248 gold pieces.

Inventory:

Hand Weapons
 a - a +0 short sword of freezing
 j - a +0 trident of venom (weapon)
 q - a +2 dagger of flaming
Armour
 d - a +0 pair of gloves (worn)
 k - a +0 ring mail (worn)
 p - a +0 cloak (worn)
Jewellery
 y - a ring of magical power
Scrolls
 f - 3 scrolls of teleportation {unknown}
 i - 2 scrolls of blinking {unknown}
 m - 2 scrolls of identify {unknown}
 o - a scroll of fog {unknown}
 u - a scroll of enchant armour {unknown}
 v - a scroll of amnesia {unknown}
 w - a scroll of vulnerability {unknown}
Potions
 b - a potion of might {unknown}
 c - 3 potions of ambrosia
 e - 2 potions of flight {unknown}
 g - 5 potions of attraction {unknown}
 h - a potion of curing {unknown}
 l - a potion of brilliance {unknown}
 n - a potion of berserk rage {unknown}
 r - a potion of resistance {unknown}
 s - 2 potions of heal wounds {unknown}
 t - a potion of degeneration {unknown}
 x - a potion of invisibility {unknown}


   Skills:
 + Level 5.2 Fighting
 - Level 3.0 Maces & Flails
 + Level 3.9 Dodging
 + Level 4.9 Stealth


You had 5 spell levels left.
You didn't know any spells.
Your spell library was empty.

Dungeon Overview and Level Annotations

Branches:
Dungeon (5/15)
 Temple: D:4-7

Altars:
Elyvilon
Fedhas
Gozag
Uskayaw
Wu Jian

Shops:
D:2 [


Innate Abilities, Weirdness & Mutations

You are immune to sickness and miasma.
Your stone body is resilient. (AC +4)
You are immune to poison.
You resist negative energy. (rN+)
You are resistant to electric shocks. (rElec)
You are resistant to unholy torment.
You are immune to petrification.


Message History

The orc is almost dead.
The orc hits you but does no damage.
The orc priest looks encouraged for a moment.
The orc priest misses you.
You barely miss the orc.
The orc is almost dead.
You kill the orc!
The orc priest mumbles some strange prayers to Beogh against you.
Beogh smites you!
The orc priest hits you but does no damage.
You hear a shout!
You closely miss the orc priest.
The orc priest hits you but does no damage.
The orc priest mumbles some strange prayers to Beogh against you.
Pain shoots through your body!
You completely miss the orc priest. The orc priest closely misses you.
The orc priest hits you but does no damage.
You puncture the orc priest!
The orc priest is poisoned.
The orc priest is heavily wounded.
The orc priest hits you with a +0 hand axe.
The orc priest begins to cast a cantrip, but forgets the words!
The orc priest invokes the aid of Beogh against you.
Beogh smites you!
* * * LOW HITPOINT WARNING * * *
The orc priest begins to cast a cantrip, but forgets the words!
You hear a shout! x2
Something shouts, "Begone, thou warped fen-sucked codpiece!"
You hear a shout!
You hit the orc priest.
The orc priest looks as sick as possible!
The orc priest is almost dead.
You kill the orc priest!
You closely miss the orc priest.
The orc priest invokes the aid of Beogh against you.
Beogh smites you!
* * * LOW HITPOINT WARNING * * *
You puncture the orc priest!
The orc priest is poisoned.
The orc priest is heavily wounded.
The orc priest hits you with a +0 hand axe.
You die...

## .. .######
...... .#..###
##......# #
#o..o.... . .#
##@# ##. #.#
##..# ...
#####..###..##
#).......# #..##
#.###...###>##
#.....#.....###
###..####.....##
##...# #.###..##
####..#.###.#
##..#


You could see 2 orc priests.

Vanquished Creatures
  A necrophage (D:4)
  2 orc priests
  A hound (D:5)
  An iguana (D:4)
  An orc wizard (D:4)
  6 adders
  An ufetubus (D:4)
  3 worms
  A dart slug (D:2)
  2 orcs
  6 ball pythons
  4 bats
  8 endoplasms
  4 giant cockroaches
  7 goblins
  7 hobgoblins
  5 quokkas
  5 frilled lizards
  6 kobolds
  3 rats
74 creatures vanquished.

Notes
Turn   | Place    | Note
-------+----------+-------------------------------------------
     0 | D:1      | Harunobu the Gargoyle Monk began the quest for the Orb.
     0 | D:1      | Reached XP level 1. HP: 14/14 MP: 1/1
   120 | D:1      | Reached XP level 2. HP: 17/19 MP: 2/2
   192 | D:1      | Found a faded altar of an unknown god.
   700 | D:2      | Reached XP level 3. HP: 24/24 MP: 3/3
   797 | D:2      | Found Xuvales's Antique Armour Shoppe.
  1160 | D:2      | Reached skill level 4 in Fighting
  1189 | D:2      | Reached XP level 4. HP: 27/29 MP: 4/4
  1933 | D:3      | Found a hide-covered altar of Uskayaw.
  1989 | D:3      | Found an opulent altar of Gozag.
  2043 | D:3      | Found a white marble altar of Elyvilon.
  2465 | D:4      | Reached XP level 5. HP: 34/34 MP: 5/5
  2604 | D:4      | Found an ornate altar of the Wu Jian Council.
  2712 | D:4      | Reached skill level 5 in Fighting
  2712 | D:4      | Reached XP level 6. HP: 23/40 MP: 6/6
  2801 | D:4      | Found a blossoming altar of Fedhas.
  2988 | D:5      | Entered Level 5 of the Dungeon
  3048 | D:5      | Slain by an orc priest

Illustrated notes

Levels and vault maps discovered:
D:1:      saegor_arrival_miasma, layout_basic, nicolae_ecumenical_snake_handling
D:2:      layout_basic, serial_shops, shop
D:3:      layout_basic, mainiacjoe_overflow_alcove_2, general_overflow_altar,
          nicolae_gozag_cash_rules_everything_around_me,
          minmay_misc_feat_pillars, minmay_misc_feat_nine_boxes
D:4:      layout_cave_pools, lemuel_coloured_pillars_altar,
          mainiacjoe_overflow_paths, chequers_serial_rivers_micro_c
D:5:      layout_rooms, nemelex_altar_shiori, trog_book, uniq_edmund,
          uniq_eustachio, uniq_menkaure

Skill      XL: |  1  2  3  4  5 |
---------------+----------------+-----
Stealth        | 3 4 |  4.9
Fighting       | 4 5 |  5.2
Dodging        | 3 |  3.9
Maces & Flails | |  3.0

Action                   |  1- 3 |  4- 6 || total
-------------------------+-------+-------++-------
Melee: Mace              |    32 |       ||    32
       Trident           |    51 |   144 ||   195
       Punch             |       |     1 ||     1
 Stab: Sleeping          |     7 |     1 ||     8
       Distracted        |       |     2 ||     2
Armor: Robe              |    14 |       ||    14
       Ring mail         |    16 |    90 ||   106
Dodge: Dodged            |    54 |   100 ||   154

Table legend: (Time is in decaauts)
 A = Elapsed time spent in this place.
 B = Non-inter-level travel time spent in this place.
 C = Inter-level travel time spent in this place.
 D = Time resting spent in this place.
 E = Time spent auto-exploring this place.
 F = Levels seen in this place.
 G = Mean time per level.
                   A        B        C        D        E       F      G
               +--------+--------+--------+--------+--------+-----+--------+
         Total |   3113 |   3046 |     67 |    276 |   2022 |   5 |  622.6 |
       Dungeon |   3113 |   3046 |     67 |    276 |   2022 |   5 |  622.6 |
               +--------+--------+--------+--------+--------+-----+--------+

Top non-repeatable levels by time:
     D:2: 951 daAuts
     D:3: 779 daAuts
     D:1: 688 daAuts
     D:4: 630 daAuts
     D:5: 63 daAuts
